 Dungeon Crawl Stone Soup version 0.22.0-36-g8e74550 (webtiles) character file.

30 Gremour the Slasher (level 3, -2/31 HPs)
             Began as a Draconian Chaos Knight on Aug 24, 2018.
             Succumbed to a scorpion's poison
             ... on level 2 of the Dungeon.
             The game lasted 00:04:32 (828 turns).

Gremour the Slasher (Draconian Chaos Knight)         Turns: 828, Time: 00:04:33

Health: -2/31      AC:  5    Str: 14    XL:     3   Next: 3%
Magic:  3/3        EV: 12    Int: 17    God:    Xom [.*....]
Gold:   44         SH:  0    Dex: 11    Spells: 2/2 levels left

rFire    . . .     SeeInvis .   a - +0 falchion (chaos)
rCold    . . .     Gourm    .   (no shield)
rNeg     . . .     Faith    .   (armour unavailable)
rPois    .         Spirit   .   (helmet restricted)
rElec    .         Reflect  .   (no cloak)
rCorr    .         Harm     .   (no gloves)
MR       .....                  (no boots)
Stlth    +.........             (no amulet)
HPRegen  0.10/turn              (no ring)
MPRegen  0.08/turn              (no ring)

@: brilliant, lethally poisoned (-2 -> -37)
A: unfitting armour, wild magic 1, cold-blooded, AC +5
a: Renounce Religion


You were on level 2 of the Dungeon.
You worshipped Xom.
You were a plaything of Xom.
You were not hungry.

You visited 1 branch of the dungeon, and saw 2 of its levels.

You collected 44 gold pieces.

Inventory:

Hand Weapons
 a - a +0 falchion of chaos (weapon)
Scrolls
 d - a scroll of random uselessness {unknown}
 f - a scroll of identify {unknown}
 g - a scroll of remove curse {unknown}
Potions
 e - a potion of heal wounds {unknown}
Comestibles
 b - 2 rations
 h - a chunk of flesh


   Skills:
 - Level 3.2 Fighting
 + Level 4.2 Long Blades
 - Level 2.1 Dodging


You had 2 spell levels left.
You didn't know any spells.
Your spell library was empty.

Dungeon Overview and Level Annotations

Branches:
Dungeon (2/15)

Altars:
Makhleb
Xom


Innate Abilities, Weirdness & Mutations

Your plain brown scales are hard. (AC +5)
You cannot fit into any form of body armour.
You are cold-blooded and may be slowed by cold attacks.
Your spells are a little harder to cast, but a little more powerful.


Message History

The scorpion poisons you!
You hit the scorpion.
The scorpion is poisoned.
The scorpion is moderately wounded.
You feel sick. The scorpion stings you.
* * * LOW HITPOINT WARNING * * *
You closely miss the scorpion.
The scorpion is heavily wounded.
* * * LOW HITPOINT WARNING * * *
You feel very sick. The scorpion stings you.
* * * LOW HITPOINT WARNING * * *
You are more poisoned.
The scorpion poisons you!
* * * LOW HITPOINT WARNING * * *
You feel sick.
It was a potion of brilliance.
You feel clever all of a sudden.
Xom is highly amused!
You die...
Xom laughs nastily!

#..........#
#..........#
#.....)....####
.................#######
.....#+#########.......#
...... ##.####.. .....#
#####.##### .....#
#.........# .....
#...@.###.# #...s.#
#......# #......_.....
..._#.##......# #####.
##.....# #. #.....# #
.....# .#####


You could see a scorpion.

Vanquished Creatures
  An ooze (D:2)
  A leopard gecko (D:2)
  A giant cockroach (D:1)
  A goblin (D:2)
  6 hobgoblins (D:1)
  7 bats
  A frilled lizard (D:2)
  3 kobolds
  5 rats
26 creatures vanquished.

Notes
Turn   | Place    | Note
-------+----------+-------------------------------------------
     0 | D:1      | Gremour the Draconian Chaos Knight began the quest for the Orb.
     0 | D:1      | Reached XP level 1. HP: 19/19 MP: 1/1
   390 | D:1      | XOM: potion effect (agility)
   392 | D:1      | Reached XP level 2. HP: 24/26 MP: 2/2
   406 | D:1      | XOM: divination: magic mapping
   622 | D:1      | XOM: give mutation
   622 | D:1      | Gained mutation: Your spells are a little harder to cast, but a little more powerful. [Xom's grace]
   692 | D:2      | Reached skill level 4 in Long Blades
   766 | D:2      | Noticed a scorpion
   771 | D:2      | XOM: silly message
   799 | D:2      | Reached XP level 3. HP: 29/31 MP: 3/3
   815 | D:2      | Found a burning altar of Makhleb.
   823 | D:2      | XOM: scenery: create altars
   827 | D:2      | HP: 1/31 [poisoned by a scorpion]
   828 | D:2      | Succumbed to a scorpion's poison

Skill      XL: |  1  2 |
---------------+-------+-----
Long Blades    | 4 |  4.2
Fighting       | |  3.2
Dodging        | |  2.1

Action                   || total
-------------------------++-------
Melee: Falchion          ||    65
       Tailslap          ||     4
  Use: Scroll            ||     1
       Potion            ||     1
Armor: Skin              ||    26
Dodge: Dodged            ||    46
       Rpst.: Falchion   ||    12
